 Dungeon Crawl Stone Soup version 0.30.0-11-gf55b779eaf (webtiles) character file.

Game seed: 10483369198404702060

114 Demosthentine the Poker (level 4, 0/35 HPs)
             Began as a Demonspawn Gladiator on May 16, 2023.
             Slain by Ijyb
             ... wielding a +0 dagger
              (1 damage)
             ... on level 3 of the Dungeon.
             The game lasted 00:01:57 (2300 turns).

Demosthentine the Poker (Demonspawn Gladiator)      Turns: 2300, Time: 00:01:58

Health: 0/35       AC:  5    Str: 16    XL:     4   Next: 67%
Magic:  4/4        EV: 13    Int:  9    God:
Gold:   193        SH:  0    Dex: 15    Spells: 3/3 levels left

rFire   . . .        a - +0 trident
rCold   . . .        (no shield)
rNeg    . . .        b - +0 leather armour
rPois   .            c - +1 helmet
rElec   .            (no cloak)
rCorr   .            (no gloves)
SInv    .            (no boots)
Will    .....        k - amulet of the acrobat
Stlth   +            (no ring)
HPRegen 0.25/turn    (no ring)
MPRegen 0.09/turn

%: acrobat
@: flying
A: demonic guardian 1
a: no special abilities


You were on level 3 of the Dungeon.
You visited 1 branch of the dungeon, and saw 3 of its levels.

You collected 193 gold pieces.

Inventory:

Hand Weapons
 a - a +0 trident (weapon)
Missiles
 d - 2 throwing nets (quivered)
 e - a javelin
 n - 6 poisoned darts
Armour
 b - a +0 leather armour (worn)
 c - a +1 helmet (worn)
Jewellery
 k - an amulet of the acrobat (around neck)
Scrolls
 l - a scroll of magic mapping
 m - 4 scrolls of fear {unknown}
 o - a scroll of fog {unknown}
 p - a scroll of enchant armour
 s - a scroll of noise {unknown}
 t - a scroll of teleportation {unknown}
Potions
 f - a potion of attraction
 g - a potion of flight
 h - a potion of curing {unknown}
 i - 3 potions of resistance {unknown}
 j - a potion of heal wounds {unknown}
 q - a potion of ambrosia {unknown}
 r - a potion of berserk rage {unknown}


   Skills:
 + Level 3.0 Fighting
 + Level 3.4 Polearms
 - Level 1.7 Throwing
 + Level 1.7 Armour
 + Level 3.4 Dodging


You had 3 spell levels left.
You didn't know any spells.
Your spell library contained the following spells:

 Spells                   Type           Power      Damage    Failure   Level
 Call Canine Familiar     Summ           0%         N/A       83%         3
 Portal Projectile        Hex/Tloc       0%         N/A       83%         3
 Leda's Liquefaction      Hex/Erth       0%         N/A       99%         4


Dungeon Overview and Level Annotations

Branches:
Dungeon (3/15)

Altars:
Kikubaaqudgha

Annotations:
D:3 Ijyb


Innate Abilities, Weirdness & Mutations

A weak demonic guardian rushes to your aid.


Message History

Ijyb is moderately wounded.
Ijyb hits you with a +0 dagger. Ijyb closely misses you.
You closely miss Ijyb.
Ijyb is moderately wounded.
Ijyb zaps a wand.
The bolt of light hits you.
You are too injured to fight recklessly!
Unknown command.
You are too injured to fight recklessly!
Unknown command.
You are too injured to fight recklessly!
Unknown command.
You are too injured to fight recklessly!
Throw: 3 throwing nets
Press: ? - help, Q - select action, (/) - cycle Shift-Dir - straight line, f/p - Ijyb
Aim: Ijyb, wielding a +0 dagger, wearing a +0 ring mail and carrying a wand of light (5) (moderately wounded, 55% to hit)
You throw a throwing net. The throwing net hits Ijyb.
Ijyb is caught in the net!
Ijyb is moderately wounded.
Ijyb struggles against the net.
You hit Ijyb but do no damage. You punch Ijyb, but do no damage.
Ijyb is moderately wounded.
Ijyb struggles against the net.
You hit Ijyb.
Ijyb is heavily wounded.
Ijyb struggles against the net.
You hit Ijyb but do no damage.
Ijyb is heavily wounded.
Ijyb struggles against the net.
You hit Ijyb but do no damage.
Ijyb is heavily wounded.
Ijyb struggles against the net.
The net rips apart, and Ijyb comes free!
You barely miss Ijyb.
Ijyb is heavily wounded.
Ijyb hits you but does no damage.
Ijyb zaps a wand.
The bolt of light hits you!
* * * LOW HITPOINT WARNING * * *
It was a potion of flight.
You feel very buoyant.
You fly up into the air.
Ijyb hits you with a +0 dagger.
You die...

###### #.##.######
#.##......# #.##.####.##
######........^.######.
.......................
..........#.##..######
..........#.##..@g...#
..#######.#.###........#
..# #.#.....###....# ..#
..#.###.# ...# ..# ..#.#
#.. ... ..# ..#.# ... ..
..###### .# #.# .
........ .. ########


You could see Ijyb.

Vanquished Creatures
  Robin (D:1)
  3 adders
  A dart slug (D:2)
  4 bats
  An endoplasm (D:2)
  3 giant cockroaches
  10 goblins
  14 hobgoblins
  7 jackals (D:1)
  5 quokkas
  A ball python (D:2)
  4 frilled lizards
  8 kobolds
  3 rats
65 creatures vanquished.

Vanquished Creatures (collateral kills)
  A bat (D:3)
1 creature vanquished.

Grand Total: 66 creatures vanquished

Notes
Turn   | Place    | Note
-------+----------+-------------------------------------------
     0 | D:1      | Demosthentine the Demonspawn Gladiator began the quest for
                  | the Orb.
     0 | D:1      | Reached XP level 1. HP: 16/16 MP: 1/1
   139 | D:1      | Gained mutation: A weak demonic guardian rushes to your
                  | aid. [demonic ancestry]
   139 | D:1      | Reached XP level 2. HP: 22/22 MP: 2/2
   240 | D:1      | Found a faded altar of an unknown god.
   374 | D:1      | Reached skill level 1 in Armour
   456 | D:1      | Reached XP level 3. HP: 22/28 MP: 3/3
  1057 | D:2      | Noticed Robin
  1125 | D:1      | Killed Robin
  1460 | D:2      | Found an ancient bone altar of Kikubaaqudgha.
  1522 | D:2      | Reached XP level 4. HP: 28/34 MP: 4/4
  2285 | D:3      | Noticed Ijyb
  2299 | D:3      | HP: 1/35 [Ijyb/bolt of light (17)]
  2300 | D:3      | Slain by Ijyb

Illustrated notes

Levels and vault maps discovered:
D:1:      lightli_arrival_boilingwater, layout_loops_corners,
          shapermc_ecumenical_altar_venn
D:2:      layout_loops_ring, basic_altar, uniq_robin
D:3:      layout_basic, uniq_ijyb

Skill      XL: |  1  2  3  4 |
---------------+-------------+-----
Dodging        | 3 |  3.4
Armour         | 1 |  1.7
Polearms       | 3 |  3.4
Fighting       | 3 |  3.0
Throwing       | |  1.7

Action                     |  1- 3 |  4- 6 || total
---------------------------+-------+-------++-------
  Melee: Trident           |   144 |    79 ||   223
         Punch             |     1 |     1 ||     2
  Throw: Throwing net      |       |     1 ||     1
    Use: Scroll            |     1 |     2 ||     3
         Potion            |       |     1 ||     1
   Stab: Sleeping          |     2 |       ||     2
 Armour: Leather armour    |    41 |    19 ||    60
  Dodge: Dodged            |    90 |    51 ||   141
